 Dungeon Crawl Stone Soup version 0.26-a0-54-g15ccc7ae60 (webtiles) character file.

Game seed: 11192060460486430620

252 Hasart the Covered (level 5, -3/49 HPs)
             Began as a Deep Dwarf Fighter on June 7, 2020.
             Was a Follower of Makhleb.
             Slain by an ice beast (17 damage)
             ... on level 5 of the Dungeon.
             The game lasted 00:05:38 (2720 turns).

Hasart the Covered (Deep Dwarf Fighter)             Turns: 2720, Time: 00:05:38

Health: -3/49      AC:  8    Str: 20    XL:     5   Next: 89%
Magic:  6/6        EV:  8    Int:  9    God:    Makhleb [*.....]
Gold:   67         SH:  9    Dex: 12    Spells: 4/4 levels left

rFire    + . .     SeeInvis .   a - +0 war axe
rCold    x . .     Gourm    .   c - +0 kite shield
rNeg     . . .     Faith    .   b - +0 scale mail
rPois    .         Spirit   .   (no helmet)
rElec    .         Reflect  .   n - +0 cloak
rCorr    .         Harm     .   (no gloves)
MR       .....                  (no boots)
Stlth    ..........             (no amulet)
HPRegen  0.00/turn              r - ring of fire
MPRegen  0.10/turn              (no ring)

@: non-regenerating
A: damage resistance, heal wounds, sense surroundings 1, no regeneration
a: Heal Wounds, Renounce Religion


You were on level 5 of the Dungeon.
You worshipped Makhleb.
Makhleb was aware of your devotion.
You were not hungry.

You visited 1 branch of the dungeon, and saw 5 of its levels.
You also visited: Sewer.

You collected 67 gold pieces.

Inventory:

Hand Weapons
 a - a +0 war axe (weapon)
Missiles
 q - 30 poisoned darts (quivered)
Armour
 b - a +0 scale mail (worn)
 c - a +0 kite shield (worn)
 n - a +0 cloak (worn)
Jewellery
 r - a ring of fire (left hand)
Wands
 w - a wand of paralysis (11)
Scrolls
 h - a scroll of identify {unknown}
 k - a scroll of immolation {unknown}
 l - a scroll of fog {unknown}
 m - a scroll of teleportation {unknown}
 o - a scroll of remove curse {unknown}
 p - a scroll of noise {unknown}
 v - a scroll of magic mapping {unknown}
 y - 2 scrolls of random uselessness {unknown}
Potions
 d - 3 potions of might
 e - a potion of mutation {unknown}
 g - a potion of berserk rage {unknown}
 i - 2 potions of cancellation {unknown}
 j - 3 potions of curing {unknown}
 s - 2 potions of heal wounds {unknown}
 t - a potion of magic {unknown}
 u - a potion of brilliance {unknown}
 z - a potion of lignification {unknown}
Comestibles
 f - 6 rations
 x - 3 chunks of flesh


   Skills:
 + Level 3.3 Fighting
 * Level 4.0 Axes
 + Level 0.7 Throwing
 + Level 4.1 Armour
 + Level 2.1 Dodging
 + Level 4.1 Shields
 + Level 1.9 Invocations


You had 4 spell levels left.
You didn't know any spells.
Your spell library was empty.

Dungeon Overview and Level Annotations

Branches:
Dungeon (5/15)              Sewer (visited)
 Temple: D:4-7

Altars:
Makhleb


Innate Abilities, Weirdness & Mutations

You are resistant to damage.
You can heal yourself by infusing magical energy.
You passively map a small area around you.
You do not regenerate.


Message History

Some of the chunks of flesh in your inventory have rotted away.
You see here a runed dagger.
Some of the chunks of flesh in your inventory have rotted away.
There is an open door here.
There is a stone staircase leading down here.
You climb downwards.
Found a stone staircase leading up.
There is a stone staircase leading up here.
An ice beast comes into view.
An ice beast is nearby!
You hit the ice beast.
The ice beast is lightly wounded.
The ice beast closely misses you.
You hit the ice beast but do no damage.
The ice beast is lightly wounded.
The ice beast completely misses you.
You hit the ice beast but do no damage.
The ice beast is lightly wounded.
The ice beast hits you. The ice beast freezes you!!
You feel a terrible chill!
You die...

* .#* * , ,
.# , ..## *
..##
...######
#........ ,
* , *
#Y....... ,
, , ##@..#
, #...## ,,
, * #..## *
, * ##..#
#..## , * ,
* ##..# * *
, ##...# ,
#<..## * ,
, ,
..........#
*


You could see an ice beast.

Vanquished Creatures
  A scorpion (D:4)
  A hound (D:3)
  An orc wizard (D:4)
  A worker ant (D:4)
  3 gnolls (D:4)
  4 adders
  A dart slug (D:3)
  2 leopard geckos (D:3)
  2 orcs
  5 giant cockroaches
  6 goblins
  5 hobgoblins
  14 jackals
  3 quokkas
  3 ball pythons
  10 bats
  6 frilled lizards (Sewer)
  8 kobolds
  3 rats
79 creatures vanquished.

Vanquished Creatures (others)
  An orc (D:4)
  A plant (Sewer)
2 creatures vanquished.

Grand Total: 81 creatures vanquished

Notes
Turn   | Place    | Note
-------+----------+-------------------------------------------
     0 | D:1      | Hasart the Deep Dwarf Fighter began the quest for the Orb.
     0 | D:1      | Reached XP level 1. HP: 20/20 MP: 1/1
   166 | D:1      | Reached XP level 2. HP: 27/27 MP: 2/2
  1139 | D:2      | You fall into a shaft and drop 1 floor!
  1147 | D:3      | Found a burning altar of Makhleb.
  1152 | D:3      | Reached skill level 1 in Dodging
  1152 | D:3      | Reached XP level 3. HP: 32/34 MP: 3/3
  1164 | D:3      | Became a worshipper of Makhleb the Destroyer
  1255 | D:3      | Reached XP level 4. HP: 31/42 MP: 4/4
  1554 | D:4      | Found a glowing drain.
  1592 | Sewer    | Entered a sewer
  1600 | Sewer    | Reached skill level 1 in Invocations
  1630 | Sewer    | Reached * piety under Makhleb
  1780 | Sewer    | Reached XP level 5. HP: 40/49 MP: 5/5
  2710 | D:5      | Entered Level 5 of the Dungeon
  2715 | D:5      | Noticed an ice beast
  2720 | D:5      | Slain by an ice beast

Illustrated notes

Levels and vault maps discovered:
D:1:      denvon_arrival_planthouse, layout_basic, minmay_misc_feat_roman
D:2:      layout_loops_ring, first_ration, uniq_crazy_yiuf_cottage
D:3:      cheibrodos_helix_gallery, layout_rooms, makhleb_heckhound_becter
D:4:      layout_basic, cheibrodos_sewer_entry_drain
D:5:      layout_layer_cave, minmay_temple_entry_butterflies

Skill      XL: |  1  2  3  4  5 |
---------------+----------------+-----
Fighting       | 3 |  3.3
Axes           | 3 4 |  4.0
Dodging        | 1 2 |  2.1
Invocations    | 1 |  1.9
Armour         | 4 |  4.1
Shields        | 4 |  4.1
Throwing       | |  0.7

Action                   |  1- 3 |  4- 6 || total
-------------------------+-------+-------++-------
Melee: War axe           |    86 |   187 ||   273
 Abil: Heal Wounds       |       |     2 ||     2
  Eat: Chunk             |     1 |     6 ||     7
Armor: Scale mail        |    45 |    86 ||   131
Dodge: Dodged            |    23 |    58 ||    81
Block: Kite shield       |    57 |   110 ||   167

Table legend:
 A = Non-vault XP
 B = Vault XP
 C = Vault XP percentage of total XP
 D = Non-vault monster count
 E = Vault monster count
 F = Vault count percentage of total count
                 A         B        C        D         E       F
            +---------+---------+-------+---------+---------+-------
      Total |     238 |     122 |  33.9 |      54 |      25 |  31.6
            +---------+---------+-------+---------+---------+-------
        D:1 |      35 |       0 |   0.0 |      22 |       0 |   0.0
        D:2 |       3 |       0 |   0.0 |       2 |       0 |   0.0
        D:3 |      37 |      65 |  63.7 |      17 |       3 |  15.0
        D:4 |     163 |       4 |   2.4 |      13 |       2 |  13.3
      Sewer |       0 |      53 | 100.0 |       0 |      20 | 100.0
            +---------+---------+-------+---------+---------+-------
